 Dungeon Crawl Stone Soup version 0.18.1-8-gdd0e5ea (webtiles) character file.

426 st0uf the Charmwright (level 6, 44/51 HPs)
             Began as a Draconian Skald on June 5, 2016.
             Was a Believer of Jiyva.
             Quit the game on level 4 of the Dungeon.
             The game lasted 00:24:09 (5864 turns).

st0uf the Charmwright (Draconian Skald)             Turns: 5864, Time: 00:24:10

Health: 44/51      AC:  6    Str: 15      XL:     6   Next: 64%
Magic:  9/9        EV: 12    Int: 14      God:    Jiyva [**....]
Gold:   160        SH:  3    Dex:  8 (10) Spells: 3 memorised, 4 levels left

rFire  . . .     SeeInvis .     a - +0 mace
rCold  + . .     Gourm    .     (armour unavailable)
rNeg   . . .     Faith    .     m - +0 buckler
rPois  .         Spirit   .     (helmet restricted)
rElec  .         Dismiss  .     (no cloak)
rCorr  .         Reflect  .     (no gloves)
SustAt .         Harm     .     (no boots)
MR     .....                    i - amulet of inaccuracy (curse)
Stlth  +.........               (no ring)
                                n - ring of protection from cold

@: not resistant to hostile enchantments, very unstealthy
A: unfitting armour, cold-blooded, AC +6
a: Request Jelly, Jelly Paralyse, Renounce Religion


You were on level 4 of the Dungeon.
You worshipped Jiyva.
Jiyva was pleased with you.
You were not hungry.

You visited 2 branches of the dungeon, and saw 5 of its levels.

You collected 160 gold pieces.

Inventory:

Hand Weapons
 a - a +0 mace (weapon)
Armour
 m - a +0 buckler (worn)
Jewellery
 i - a cursed amulet of inaccuracy (around neck)
 n - a ring of protection from cold (left hand)
Wands
 s - a wand of slowing (32/48)
Scrolls
 j - 2 scrolls of amnesia
 p - 2 scrolls of identify
Potions
 d - 2 potions of haste {unknown}
 e - a potion of mutation {unknown}
 h - a potion of cure mutation {unknown}
 k - 2 potions of curing
 l - 2 potions of cancellation {unknown}
 r - 2 potions of ambrosia {unknown}
Books
 b - a book of Battle

   Spells                             Type                      Level
   a - Infusion                       Charms                       1
   b - Shroud of Golubria             Charms/Translocation         2
   c - Song of Slaying                Charms                       2
   d - Spectral Weapon                Hexes/Charms                 3
   e - Regeneration                   Charms/Necromancy            3
Comestibles
 c - 2 bread rations
 f - a meat ration
 g - a fruit
 o - 2 beef jerkies


   Skills:
 + Level 3.4 Fighting
 + Level 3.0 Maces & Flails
 + Level 4.0 Dodging
 + Level 1.4 Shields
 - Level 2.0 Spellcasting
 + Level 4.2 Charms
 + Level 1.0 Translocations


You had 4 spell levels left.
You knew the following spells:

 Your Spells              Type           Power        Failure   Level  Hunger
a - Infusion              Chrm           ##..         8%          1    ##.....
b - Song of Slaying       Chrm           ##......     12%         2    ###....
c - Shroud of Golubria    Chrm/Tloc      #.........   17%         2    ###....


Dungeon Overview and Level Annotations

Branches:
Dungeon (4/15)             Temple (1/1) D:4

Altars:
Cheibriados
Elyvilon
Gozag
Makhleb
Okawaru
Pakellas
Sif Muna
Trog
Xom
Yredelemnul
Zin
The Shining One
Jiyva


Innate Abilities, Weirdness & Mutations

Your plain brown scales are hard (AC +6).
Your body does not fit into most forms of armour.
You are cold-blooded and may be slowed by cold attacks.


Message History

Eustachio casts a spell.
The bat barely misses you.
The jelly barely misses Eustachio.
Eustachio mumbles some strange words.
The bat hits you but does no damage. The bat hits you.
The jelly misses Eustachio.
The jelly hits Eustachio.
Eustachio is splashed with acid.
Eustachio dies!
The jelly looks stronger.
You closely miss the bat.
The quokka disappears in a puff of smoke!
The bat disappears in a puff of smoke! x3
The ufetubus disappears in a puff of smoke!
You hear a slurping noise.
You feel a little less hungry. Jiyva appreciates your sacrifice.
You swap places.
You swap places.
Quiver which item? (- for none, * to show all) (? for menu, Esc to quit)
Okay, then.
Are you sure you want to abandon this character and quit the game? (Confirm with "yes".)

#########.......#####..#
#######......##..............#
#.............#...............
#......................#.#####
#........................# #
#....................##### #
####...........###...##### #
#............# ##........###
#.##.......@######.#####....
#.##.......J................
##.#..........J####.#########
#..#..................#######
#.##......J...#####.......<.#
#.##..........# ##..#####..
#.##..........## ##.###...#
####.###..........##
###.#...###
##.......#......##..###.....###


You could see 3 neutral jellies (fellow slime).

Vanquished Creatures
  An orc priest (D:3)
  An orc wizard (D:3)
  An iguana (D:4)
  4 worker ants (D:4)
  A hound skeleton (D:4)
  10 adders
  A white imp (D:4)
  2 oozes (D:3)
  2 adder skeletons (D:4)
  2 worms (D:3)
  3 dart slugs
  10 orcs
  2 giant cockroaches
  24 goblins
  10 hobgoblins
  5 jackals
  7 kobolds
  2 quokkas
  A ball python (D:3)
  5 bats
  4 giant newts
  A goblin skeleton (D:4)
  2 hobgoblin zombies (D:4)
  2 jackal skeletons (D:4)
  A kobold zombie (D:4)
  2 orc skeletons (D:4)
  5 orc zombies (D:4)
  3 rats
114 creatures vanquished.

Vanquished Creatures (others)
  Eustachio (D:4)
  An ice beast (D:4)
  An ogre (D:4)
  A howler monkey (D:4)
  5 jellies (D:4)
  Robin (D:4)
  An adder (D:4)
  A giant gecko (D:4)
  5 orcs (D:4)
  A ball python (D:4)
  A giant gecko skeleton (D:4)
  A hobgoblin zombie (D:4)
  An orc skeleton (D:4)
21 creatures vanquished.

Grand Total: 135 creatures vanquished

Notes
Turn   | Place    | Note
--------------------------------------------------------------
     0 | D:1      | st0uf the Draconian Skald began the quest for the Orb.
     0 | D:1      | Reached XP level 1. HP: 17/17 MP: 3/3
   239 | D:1      | Reached XP level 2. HP: 18/25 MP: 1/5
   298 | D:1      | Learned a level 2 spell: Song of Slaying
  1076 | D:2      | Reached XP level 3. HP: 23/30 MP: 6/6
  1388 | D:2      | Found an oddly glowing altar of Pakellas.
  1469 | D:2      | Learned a level 2 spell: Shroud of Golubria
  2104 | D:3      | Reached XP level 4. HP: 27/37 MP: 5/7
  2713 | D:3      | Reached XP level 5. HP: 35/45 MP: 2/8
  2965 | D:3      | Reached skill level 1 in Translocations
  3628 | D:4      | Found a basalt altar of Yredelemnul.
  3768 | D:4      | Reached skill level 1 in Shields
  3768 | D:4      | Reached XP level 6. HP: 16/51 MP: 5/9
  4022 | D:4      | Noticed Eustachio
  4026 | D:4      | Found a staircase to the Ecumenical Temple.
  4047 | Temple   | Entered the Ecumenical Temple
  4103 | Temple   | Became a worshipper of Jiyva Jouqitun the Shapeless
  4486 | D:4      | Noticed an angel
  4487 | D:4      | Found a glowing silver altar of Zin.
  4487 | D:4      | Noticed Robin
  5107 | D:4      | Killed Robin
  5121 | D:4      | Found a shimmering altar of Xom.
  5138 | D:4      | Reached * piety under Jiyva
  5234 | D:4      | Noticed an ice beast
  5399 | D:4      | Reached ** piety under Jiyva
  5536 | D:4      | Killed an ice beast
  5689 | D:4      | Found a glowing golden altar of the Shining One.
  5858 | D:4      | Killed Eustachio
  5864 | D:4      | Quit the game

Skill      XL: |  1  2  3  4  5  6 |
---------------+-------------------+-----
Charms         | 3 4 |  4.2
Dodging        | 2 3 4 |  4.0
Fighting       | 3 |  3.4
Translocations | 1 |  1.0
Maces & Flails | 3 |  3.0
Shields        | 1 |  1.4
Spellcasting   | |  2.0

Action                   |  1- 3 |  4- 6 || total
-------------------------+-------+-------++-------
Melee: Mace              |   188 |   446 ||   634
       Tailslap          |    12 |    33 ||    45
 Cast: Infusion          |    17 |    35 ||    52
       Shroud of Golubri |       |     5 ||     5
       Song of Slaying   |       |     1 ||     1
  Use: Scroll            |     2 |     2 ||     4
 Stab: Sleeping          |       |     1 ||     1
  Eat: Chunk             |     5 |    12 ||    17
       Fruit             |       |     2 ||     2
Armor: Skin              |    62 |   196 ||   258
Dodge: Dodged            |   166 |   371 ||   537
Block: Buckler           |       |    72 ||    72
